 Dungeon Crawl Stone Soup version 0.21.1-1-g345015f (webtiles) character file.

189 homeworkjunkie the Covered (level 5, 0/47 HPs)
             Began as a Hill Orc Fighter on Mar 23, 2018.
             Was an Initiate of Okawaru.
             Succumbed to Shinoi's ghost's poison
             ... on level 4 of the Dungeon.
             The game lasted 00:05:47 (2581 turns).

homeworkjunkie the Covered (Hill Orc Fighter)       Turns: 2581, Time: 00:05:47

Health: 0/47       AC: 13    Str: 20    XL:     5   Next: 68%
Magic:  5/5        EV:  4    Int:  8    God:    Okawaru [......]
Gold:   213        SH:  9    Dex: 10    Spells: 4/4 levels left

rFire    x . .     SeeInvis .   a - +0 war axe
rCold    + . .     Gourm    .   c - +0 shield
rNeg     . . .     Faith    .   m - +0 plate armour
rPois    .         Spirit   .   (no helmet)
rElec    .         Reflect  .   (no cloak)
rCorr    .         Harm     .   (no gloves)
MR       .....                  g - +0 pair of boots
Stlth    ..........             (no amulet)
HPRegen  0.15/turn              i - ring of ice
MPRegen  0.09/turn              (no ring)

@: lethally poisoned (0 -> -37)
A: no striking features
a: Renounce Religion


You were on level 4 of the Dungeon.
You worshipped Okawaru.
Okawaru was noncommittal.
You were not hungry.

You visited 1 branch of the dungeon, and saw 5 of its levels.

You collected 213 gold pieces.

Inventory:

Hand Weapons
 a - a +0 war axe (weapon)
Armour
 c - a +0 shield (worn)
 g - a +0 pair of boots (worn)
 m - a +0 plate armour (worn)
Jewellery
 i - a ring of ice (left hand)
Wands
 l - a wand of enslavement (8)
Scrolls
 b - a scroll of teleportation
 e - 4 scrolls of remove curse
 h - a scroll of amnesia {unknown}
 k - 2 scrolls of identify
Potions
 d - 2 potions of flight
Comestibles
 f - a ration


   Skills:
 * Level 4.4 Fighting
 * Level 4.5 Axes
 * Level 4.7 Armour
 + Level 0.2 Dodging
 + Level 0.2 Stealth
 * Level 4.2 Shields


You had 4 spell levels left.
You didn't know any spells.

Dungeon Overview and Level Annotations

Branches:
Dungeon (5/15)
 Temple: D:4-7

Altars:
Ashenzari
Okawaru

Annotations:
D:3 Mirai's ghost, amateur DECj
D:4 Shinoi's ghost, novice CeHu


Message History

You hit Shinoi's ghost.
Shinoi's ghost is heavily damaged.
* * * LOW HITPOINT WARNING * * *
You feel very sick. You block Shinoi's ghost's attack.
Your adder closely misses Shinoi's ghost.
Shinoi's ghost hits you.
* * * LOW HITPOINT WARNING * * *
You are more poisoned.
You hit Shinoi's ghost.
Shinoi's ghost is heavily damaged.
* * * LOW HITPOINT WARNING * * *
You feel very sick.
Your adder bites Shinoi's ghost but does no damage.
Your adder bites Shinoi's ghost.
Shinoi's ghost hits your adder!
Your adder dies!
Shinoi's ghost turns its malevolent gaze towards you.
You hit Shinoi's ghost.
Shinoi's ghost is severely damaged.
You die...

#.....)...... ###...###
#.####)##..##......## #.......#
#.# ##.##..##.......## #.......#
#.###...#..#.........###.......#
#.# .......'.........+...>......
#.# #...#.##[........###......##
#.###..##.# #....$..# #......##
#.........###..W...# ##.......#
#####W<.......#@..# #.........
#.##########'## ##.......# #.#
..# #.# #......## #.#
#.###.#######......# #.#
#...........##.#[### #..
#.##....#.#.##.### ###
..##.....#......# ###
##....###.#### ##.#.....#


You could see Shinoi's ghost.

Vanquished Creatures
  A hound (D:4)
  An orc priest (D:4)
  An orc wizard (D:4)
  Jessica (D:2)
  An adder (D:3)
  A gnoll (D:1)
  A dart slug (D:1)
  3 orcs (D:4)
  A ball python (D:4)
  5 bats
  4 giant cockroaches
  2 goblins (D:1)
  6 hobgoblins
  6 kobolds
  11 rats
45 creatures vanquished.

Vanquished Creatures (others)
  An adder (D:4)
1 creature vanquished.

Grand Total: 46 creatures vanquished

Notes
Turn   | Place    | Note
-------+----------+-------------------------------------------
     0 | D:1      | homeworkjunkie the Hill Orc Fighter began the quest for the Orb.
     0 | D:1      | Reached XP level 1. HP: 19/19 MP: 1/1
   168 | D:3      | Noticed Mirai's ghost (amateur DECj)
   189 | D:2      | Noticed Jessica
   200 | D:2      | Killed Jessica
   200 | D:2      | Reached XP level 2. HP: 16/27 MP: 2/2
   200 | D:2      | Reached XP level 3. HP: 20/33 MP: 3/3
   282 | D:2      | Found an iron altar of Okawaru.
   293 | D:2      | Became a worshipper of Warmaster Okawaru
  1000 | D:1      | Reached XP level 4. HP: 17/40 MP: 4/4
  1668 | D:4      | Noticed Shinoi's ghost (novice CeHu)
  1687 | D:4      | Reached XP level 5. HP: 14/47 MP: 5/5
  2399 | D:4      | Got a tiger eye-encrusted leather armour
  2410 | D:4      | Identified the +1 leather armour "Kerun" {rPois} (You found it on level 4 of the Dungeon)
  2441 | D:4      | Found a shattered altar of Ashenzari.
  2512 | D:5      | Entered Level 5 of the Dungeon
  2581 | D:4      | Succumbed to Shinoi's ghost's poison

Skill      XL: |  1  2  3  4 |
---------------+-------------+-----
Fighting       | 4 |  4.4
Axes           | 3 4 |  4.5
Armour         | 4 |  4.7
Shields        | 4 |  4.2
Dodging        | |  0.2
Stealth        | |  0.2

Action                   |  1- 3 |  4- 6 || total
-------------------------+-------+-------++-------
Melee: War axe           |    62 |    76 ||   138
Evoke: Wand              |       |     5 ||     5
  Use: Potion            |     2 |     2 ||     4
       Scroll            |     4 |       ||     4
  Eat: Ration            |       |     2 ||     2
Armor: Scale mail        |    14 |       ||    14
       Chain mail        |    13 |    48 ||    61
       Robe              |     1 |       ||     1
       Plate armour      |       |    22 ||    22
       Leather armour    |       |     1 ||     1
Dodge: Dodged            |    21 |    21 ||    42
Block: Shield            |    33 |    54 ||    87
